 Dungeon Crawl Stone Soup version 0.18-a0-1057-g88203af (console) character file.

136 FIQ the Purveyor of Pain (level 5, -1/24 HPs)
             Began as a Vine Stalker Necromancer on Jan 12, 2016.
             Was an Initiate of Kikubaaqudgha.
             Slain by an orc (2 damage)
             ... on level 3 of the Dungeon.
             The game lasted 00:12:47 (2833 turns).

FIQ the Purveyor of Pain (Vine Stalker Necromancer) Turns: 2833, Time: 00:12:47

Health: -1/24      AC:  3    Str: 15    XL:     5   Next: 19%
Magic:  0/9        EV: 13    Int: 16    God:    Kikubaaqudgha [......]
Gold:   109        SH:  0    Dex: 13    Spells: 1 memorised, 9 levels left

rFire  . . .     SeeInvis .     (no weapon)
rCold  . . .     Gourm    .     a - +0 robe
rNeg   . . .     Faith    .     (no shield)
rPois  .         Spirit   +     (no helmet)
rElec  .         Dismiss  .     l - +0 cloak
rCorr  .         Reflect  .     (no gloves)
SustAt .         Harm     .     (no boots)
MR     .....                    (no amulet)
Stlth  ++........               (no ring)
                                (no ring)

@: mighty, not resistant to hostile enchantments, unstealthy
A: fangs 2, clumsy 1, low mp 2, regeneration 1, magic shield, antimagic bite, no
device heal 3, rot immunity
a: Renounce Religion


You were on level 3 of the Dungeon.
You worshipped Kikubaaqudgha.
Kikubaaqudgha was noncommittal.
You were not hungry.

You visited 1 branch of the dungeon, and saw 3 of its levels.

You collected 109 gold pieces.

Inventory:

Armour
 a - a +0 robe (worn)
 l - a +0 cloak (worn)
Jewellery
 d - an uncursed ring of teleportation
Scrolls
 g - a scroll of recharging {unknown}
 h - 4 scrolls of identify
 i - a scroll of enchant weapon
 o - a scroll of noise {unknown}
 p - a scroll of enchant armour {unknown}
Potions
 e - 3 potions of curing
Books
 b - a book of Necromancy

   Spells                             Type                      Level
   a - Pain                           Necromancy                   1
   b - Animate Skeleton               Necromancy                   1
   c - Vampiric Draining              Necromancy                   3
   d - Regeneration                   Charms/Necromancy            3
   e - Animate Dead                   Necromancy                   4
   f - Control Undead                 Necromancy                   4
Comestibles
 c - 3 bread rations
 j - a beef jerky
 q - a meat ration


   Skills:
 + Level 2.7 Dodging
 - Level 2.4 Stealth
 + Level 3.4 Spellcasting
 * Level 5.0 Necromancy


You had 9 spell levels left.
You knew the following spells:

 Your Spells              Type           Power        Failure   Level  Hunger
a - Pain                  Necr           ###.         2%          1    None


Dungeon Overview and Level Annotations

Branches:
Dungeon (3/15)

Altars:
Elyvilon
Gozag
Kikubaaqudgha
Okawaru
Trog
The Shining One


Innate Abilities, Weirdness & Mutations

You have extremely sharp teeth.
Your natural rate of healing is unusually fast.
When hurt, damage is shared between your health and your magic reserves.
Your bite disrupts and absorbs the magic of your enemies.
Potions and wands cannot restore your health.
You are immune to rotting.
You are clumsy. (Dex -2)
Your magical capacity is very low (-20% MP).


Message History

The orc wizard misses you. The orc misses you.
You closely miss the orc wizard. The orc misses you.
The orc wizard hits you with a dagger.
* * * LOW HITPOINT WARNING * * *
The orc completely misses you.
You barely miss the orc wizard. You bite the orc wizard.
The orc wizard's magic leaks into the air.
You drain its magic.
You feel invigorated.
The orc wizard is lightly wounded.
The orc closely misses you.
The orc wizard hits you but does no damage.
The orc hits you with a club.
* * * LOW HITPOINT WARNING * * *
Drink which item? (? for menu, Esc to quit)
You have no ailments to cure.
Drink which item? (? for menu, Esc to quit)
It was a potion of might.
You feel very mighty all of a sudden. The orc hits you.
You die...
Kikubaaqudgha rasps: "You have failed me!
Welcome... death!"

#....## ...+..<_.##.......
#...... ..###.#.##.......
#...... ......#.##.......
#....). #.##..#..#.......
.......######.#......#....###
....†........>#......#......+
........)..............#'####
.................###...#.#
...###...........+.....#.#
#.....ooo...####..#.#
#######@'...'.......#
#.#...#####...# #)#...# ##..#
#.#...# #.># #.##### ##.# #.#
#.# #.# #.# #.# .# #.# #..
###


You could see an orc wizard and 2 orcs.

Vanquished Creatures
  5 adders
  3 worms (D:2)
  2 giant geckos (D:1)
  7 orcs (D:3)
  6 bats
  2 giant cockroaches
  6 goblins
  9 hobgoblins
  6 jackals
  A quokka (D:2)
  A ball python (D:1)
  9 giant newts
  8 kobolds
  8 rats
73 creatures vanquished.

Notes
Turn   | Place    | Note
--------------------------------------------------------------
     0 | D:1      | FIQ the Vine Stalker Necromancer began the quest for the Orb.
     0 | D:1      | Reached XP level 1. HP: 9/9 MP: 4/4
   186 | D:1      | Reached XP level 2. HP: 8/13 MP: 0/6
   674 | D:1      | Reached XP level 3. HP: 13/16 MP: 2/7
  1585 | D:2      | Found an opulent altar of Gozag.
  1607 | D:2      | Reached XP level 4. HP: 19/21 MP: 1/9
  2054 | D:2      | Found a white marble altar of Elyvilon.
  2064 | D:2      | Found a bloodstained altar of Trog.
  2067 | D:2      | Found an iron altar of Okawaru.
  2330 | D:2      | Gained mutation: Your magical capacity is low (-10% MP). [potion of mutation]
  2330 | D:2      | Gained mutation: You are clumsy. (Dex -2) [potion of mutation]
  2330 | D:2      | Gained mutation: Your magical capacity is very low (-20% MP). [potion of mutation]
  2495 | D:2      | Found an ancient bone altar of Kikubaaqudgha.
  2511 | D:2      | Became a worshipper of Kikubaaqudgha
  2633 | D:3      | Found a glowing golden altar of the Shining One.
  2777 | D:3      | Reached XP level 5. HP: 22/24 MP: 6/9
  2823 | D:3      | Reached skill level 5 in Necromancy
  2832 | D:3      | HP: 1/24 [orc/club (1)]
  2833 | D:3      | Slain by an orc

Vault maps used:
D:1:      minmay_arrival_semitransparent, minmay_lizard_king
D:2:      grunt_temple_overflow_cloverleaf, nicolae_overflow_hidden_temple
D:3:      overflow_temple_1_default

Action                   |  1- 3 |  4- 6 || total
-------------------------+-------+-------++-------
Melee: Unarmed           |     7 |    15 ||    22
 Cast: Pain              |    72 |    71 ||   143
  Use: Scroll            |     3 |     2 ||     5
       Potion            |       |     5 ||     5
  Eat: Chunk             |     3 |     4 ||     7
